General information
- name: BNet
- type: Ladder team game (AT/RT)
- host: Battle.net
- saver: DIRTMCGIRT
map: GnollWood
- players: 4
- length: 21:22
- speed: Fast
- version: 1.21 W3XP
- replay type: Public
» download(90 KB)
Players
team 1 (winner)

»
DIRTMCGIRT (
green | 118 APM | 2531 actions | 21:22)
6 Demon Hunter
3 Mana Burn
2 Evasion
1 Metamorphosis
4 Naga Sea Witch
2 Frost Arrows
2 Forked Lightning
4 Warden
2 Shadow Strike
2 Blink
» actions
| Assign group hotkey | 22 | |
| Build / train | 81 | |
| Enter build submenu | 16 | |
| Enter hero's abilities submenu | 14 | |
| Give item / drop item | 6 | |
| Remove unit from queue | 4 | |
| Right click | 992 | |
| Select / deselect | 1006 | |
| Select group hotkey | 340 | |
| Use ability | 50 | |
2531 total
» units
| Wisp | 22 | |
| Archer | 5 | |
| Forest Troll Shadow Priest | 1 | |
| Hippogryph | 9 | |
| Chimaera | 5 | |
42 total
» upgrades
| Hippogryph Taming | 1 | |
| Reinforced Hides | 1 | |
| Strength of the Wild | 1 | |
| Corrosive Breath | 1 | |
| Well Spring | 1 | |
5 total
» buildings
| Altar of Elders | 1 | |
| Moon Well | 6 | |
| Ancient of War | 1 | |
| Ancient of Wonders | 1 | |
| Tree of Ages | 1 | |
| Hunter's Hall | 1 | |
| Tree of Eternity | 1 | |
| Ancient of Wind | 1 | |
| Chimaera Roost | 2 | |
| Tree of Life | 2 | |
17 total
» build order
00:09 Altar of Elders
00:17 Moon Well
00:24 Ancient of War
01:45 Moon Well
02:42 Ancient of Wonders
03:16 Tree of Ages
03:38 Moon Well
04:51 Hunter's Hall
05:02 Moon Well
05:42 Tree of Eternity
06:13 Ancient of Wind
08:45 Chimaera Roost
09:01 Chimaera Roost
10:38 Moon Well
10:51 Tree of Life
11:43 Moon Well
15:07 Tree of Life
» items
| Boots of Speed | 1 | |
| Staff of Teleportation | 1 | |
| Staff of Preservation | 2 | |
| Potion of Healing | 2 | |
| Scroll of Town Portal | 1 | |
| Potion of Mana | 1 | |
8 total

»
royceroyce2001 (
blue | 51 APM | 1091 actions | 21:21)
5 Death Knight
3 Death Coil
2 Unholy Aura
2 Lich
1 Frost Nova
1 Frost Armor
» actions
| Assign group hotkey | 21 | |
| Basic commands | 132 | |
| Build / train | 60 | |
| ESC pressed | 2 | |
| Enter build submenu | 31 | |
| Enter hero's abilities submenu | 9 | |
| Give item / drop item | 3 | |
| Remove unit from queue | 2 | |
| Right click | 412 | |
| Select / deselect | 301 | |
| Select group hotkey | 70 | |
| Use ability | 48 | |
1091 total
» units
| Acolyte | 9 | |
| Ghoul | 5 | |
| Crypt Fiend | 11 | |
| Gargoyle | 3 | |
| Obsidian Statue | 3 | |
| Frost Wyrm | 5 | |
36 total
» upgrades
| Creature Attack | 3 | |
| Web | 1 | |
| Destroyer Form | 1 | |
| Freezing Breath | 1 | |
| Creature Carapace | 1 | |
7 total
» buildings
| Crypt | 1 | |
| Graveyard | 1 | |
| Ziggurat | 6 | |
| Altar of Darkness | 1 | |
| Halls of the Dead | 1 | |
| Tomb of Relics | 1 | |
| Nerubian Tower | 1 | |
| Slaughterhouse | 3 | |
| Black Citadel | 1 | |
| Spirit Tower | 1 | |
| Sacrificial Pit | 1 | |
| Boneyard | 1 | |
| Necropolis | 2 | |
21 total
» build order
00:12 Crypt
00:18 Graveyard
00:29 Ziggurat
01:19 Altar of Darkness
02:17 Ziggurat
02:57 Halls of the Dead
04:08 Ziggurat
04:24 Tomb of Relics
05:19 Nerubian Tower
06:42 Slaughterhouse
06:46 Slaughterhouse
07:50 Slaughterhouse
07:54 Black Citadel
08:23 Ziggurat
08:27 Ziggurat
09:18 Spirit Tower
11:09 Sacrificial Pit
12:47 Boneyard
13:03 Necropolis
14:58 Necropolis
17:18 Ziggurat
» items
| Rod of Necromancy | 1 | |
| Boots of Speed | 1 | |
2 total
team 2 (loser)
Atrida (
purple | 32 APM | 686 actions | 21:10)
5 Demon Hunter
3 Evasion
2 Mana Burn
» actions
| Assign group hotkey | 25 | |
| Basic commands | 5 | |
| Build / train | 72 | |
| Enter build submenu | 22 | |
| Enter hero's abilities submenu | 5 | |
| Give item / drop item | 2 | |
| Remove unit from queue | 2 | |
| Right click | 185 | |
| Select / deselect | 251 | |
| Select group hotkey | 75 | |
| Use ability | 42 | |
686 total
» units
| Wisp | 21 | |
| Archer | 9 | |
| Dryad | 10 | |
| Hippogryph | 7 | |
47 total
» upgrades
| Ultravision | 1 | |
| Strength of the Moon | 3 | |
| Improved Bows | 1 | |
| Abolish Magic | 1 | |
| Hippogryph Taming | 1 | |
| Well Spring | 1 | |
| Nature's Blessing | 1 | |
| Moon Armor | 1 | |
| Strength of the Wild | 1 | |
| Marksmanship | 1 | |
12 total
» buildings
| Altar of Elders | 1 | |
| Moon Well | 8 | |
| Ancient of Wonders | 1 | |
| Ancient of War | 2 | |
| Hunter's Hall | 1 | |
| Tree of Ages | 1 | |
| Tree of Eternity | 1 | |
| Ancient of Lore | 1 | |
| Ancient of Wind | 1 | |
| Tree of Life | 2 | |
| Ancient Protector | 2 | |
| Chimaera Roost | 1 | |
22 total
» build order
00:12 Altar of Elders
00:15 Moon Well
00:50 Moon Well
01:24 Ancient of Wonders
01:52 Moon Well
02:03 Ancient of War
02:26 Moon Well
02:44 Ancient of War
03:36 Hunter's Hall
03:49 Tree of Ages
05:47 Moon Well
07:10 Tree of Eternity
07:16 Ancient of Lore
07:20 Ancient of Wind
08:37 Tree of Life
08:54 Ancient Protector
12:58 Chimaera Roost
13:11 Moon Well
14:12 Ancient Protector
14:29 Moon Well
17:14 Tree of Life
17:20 Moon Well
» items
| Boots of Speed | 1 | |
| Orb of Venom | 1 | |
| Potion of Healing | 1 | |
| Scroll of Town Portal | 1 | |
4 total
Galerna (
teal | 33 APM | 709 actions | 21:20)
5 Crypt Lord
2 Impale
3 Spiked Carapace
3 Death Knight
1 Unholy Aura
2 Death Coil
1 Dreadlord
1 Vampiric Aura
» actions
| Assign group hotkey | 9 | |
| Build / train | 70 | |
| ESC pressed | 3 | |
| Enter build submenu | 18 | |
| Enter hero's abilities submenu | 9 | |
| Right click | 316 | |
| Select / deselect | 191 | |
| Select group hotkey | 54 | |
| Use ability | 39 | |
709 total
» units
| Acolyte | 2 | |
| Ghoul | 17 | |
| Abomination | 1 | |
| Gargoyle | 16 | |
36 total
» upgrades
| Cannibalize | 1 | |
| Unholy Armor | 3 | |
| Unholy Strength | 3 | |
| Ghoul Frenzy | 1 | |
| Disease Cloud | 1 | |
| Skeletal Mastery | 1 | |
| Necromancer Training | 1 | |
| Creature Carapace | 2 | |
| Creature Attack | 2 | |
15 total
» buildings
| Crypt | 1 | |
| Ziggurat | 6 | |
| Altar of Darkness | 3 | |
| Graveyard | 1 | |
| Nerubian Tower | 2 | |
| Halls of the Dead | 1 | |
| Tomb of Relics | 1 | |
| Black Citadel | 1 | |
| Temple of the Damned | 1 | |
| Slaughterhouse | 2 | |
| Sacrificial Pit | 1 | |
20 total
» build order
00:12 Crypt
00:18 Ziggurat
00:32 Altar of Darkness
00:58 Graveyard
01:10 Nerubian Tower
02:06 Ziggurat
03:49 Halls of the Dead
04:30 Altar of Darkness
04:32 Altar of Darkness
05:51 Tomb of Relics
05:57 Ziggurat
06:02 Ziggurat
07:38 Black Citadel
07:42 Nerubian Tower
09:22 Temple of the Damned
09:27 Slaughterhouse
09:35 Slaughterhouse
13:00 Ziggurat
13:03 Ziggurat
17:36 Sacrificial Pit
» items
| Orb of Corruption | 1 | |
| Boots of Speed | 1 | |
| Scroll of Town Portal | 1 | |
3 total
Chat log
(01:13 / Allies) royceroyce2001: they going fiend/hunt prob
(01:26 / Allies) DIRTMCGIRT: ill fast tech
(08:47 / Allies) DIRTMCGIRT: lumn
(08:49 / Allies) DIRTMCGIRT: if u got any
(09:08 / Allies) DIRTMCGIRT: ty
(11:30 / Allies) royceroyce2001: so
(11:33 / Allies) royceroyce2001: havent seen them at all
(11:46 / Allies) DIRTMCGIRT: same
(12:21 / Allies) DIRTMCGIRT: tp
(16:38 / Allies) DIRTMCGIRT: brb
(16:40 / Allies) DIRTMCGIRT: gonna hgeal
(17:37 / Allies) DIRTMCGIRT: omw
(20:48 / All) DIRTMCGIRT: gg